 Dungeon Crawl Stone Soup version 0.27-a0-277-g024f7ef292 (webtiles) character file.

Game seed: 13343489117077164315

28134 Borgoz the Fighter (level 13, -7/86 HPs)
             Began as a Gargoyle Gladiator on Feb 5, 2021.
             Was a High Priest of Okawaru.
             Mangled by a reaper
             ... wielding a +2 scythe of freezing
              (18 damage)
             ... in an ice cave.
             The game lasted 00:29:19 (15602 turns).

Borgoz the Fighter (Gargoyle Gladiator)            Turns: 15602, Time: 00:29:19

Health: -7/86      AC: 22    Str: 28    XL:     13   Next: 36%
Magic:  0/16       EV: 21    Int:  9    God:    Okawaru [*****.]
Gold:   1867       SH:  0    Dex: 15    Spells: 12/12 levels left

rFire    . . .     SeeInvis .   a - +2 dire flail
rCold    + . .     Faith    .   (shield currently unavailable)
rNeg     + . .     Spirit   +   s - +3 leather armour of Muttered Phrases {rPois Regen+ Stlth+}
rPois    ∞         Reflect  .   u - +2 hat
rElec    +         Harm     .   A - +1 cloak
rCorr    +         Rampage  .   (no gloves)
Will     .....                  (no boots)
Stlth    +++++.....             z - amulet "Miocui" {Spirit Str+3 Stlth+}
HPRegen  0.64/turn              g - +6 ring of strength
MPRegen  0.15/turn              D - ring of the Establishment {rC+ rCorr}

@: heroism
A: negative energy resistance 1, electricity resistance, unbreathing,
petrification resistance, miasma immunity, AC +9
a: Renounce Religion, Heroism, Finesse


You were in an ice cave.
You worshipped Okawaru.
Okawaru was extremely pleased with you.
You visited 2 branches of the dungeon, and saw 14 of its levels.
You also visited: Gauntlet and Ice Cave.

You collected 1867 gold pieces.

Inventory:

Hand Weapons
 a - a +2 dire flail (weapon)
 b - a +2 great mace of holy wrath
Missiles
 H - a throwing net (quivered)
Armour
 i - the +0 ring mail of Rajolasch {Dex+7}
   (Okawaru gifted it to you on level 12 of the Dungeon)

   It affects your dexterity (+7).
 s - the +3 leather armour of Muttered Phrases (worn) {rPois Regen+ Stlth+}
   (You found it on level 4 of the Dungeon)

   It protects you from poison.
   It increases your rate of regeneration.
   It makes you more stealthy.
 u - a +2 hat (worn)
 A - a +1 cloak (worn)
 C - quicksilver dragon scales
 G - the +1 helmet of Acacuoge {*Corrode rPois rN+++ Int+5}
   (You found it on level 12 of the Dungeon)

   It affects your intelligence (+5).
   It protects you from poison.
   It renders you almost immune to negative energy.
   It may corrode you when you take damage.
Jewellery
 c - an uncursed ring of see invisible
 e - an uncursed ring of ice
 f - the cursed ring of Tender Moments {Int-4 Dex+4}
   (You took it off a minotaur in a Gauntlet)

   [ring of intelligence]

   It affects your intelligence (-4).
   It affects your dexterity (+4).
   It has a curse placed upon it.
 g - a +6 ring of strength (left hand)
 q - an uncursed ring of flight
 v - an uncursed amulet of faith
 z - the amulet "Miocui" (around neck) {Spirit Str+3 Stlth+}
   (You found it in a Gauntlet)

   [amulet of guardian spirit]

   It causes incoming damage to be split between your health and magic.
   It affects your strength (+3).
   It makes you more stealthy.
 D - the ring of the Establishment (right hand) {rC+ rCorr}
   (You found it in a Gauntlet)

   [ring of resist corrosion]

   It protects you from cold.
   It provides partial protection from all sources of acid and corrosion.
 E - an uncursed ring of willpower
 F - a +4 ring of protection
Wands
 h - a wand of flame (14)
 n - a wand of acid (10)
 p - a wand of digging (13)
Scrolls
 d - a scroll of fog
 j - 4 scrolls of enchant weapon
 k - 3 scrolls of teleportation
 l - 2 scrolls of remove curse
 m - 4 scrolls of fear
 x - 2 scrolls of enchant armour
Potions
 o - 3 potions of magic
 r - 3 potions of mutation
 w - a potion of flight {unknown}
 y - a potion of curing
 B - a potion of brilliance
 I - a potion of haste


   Skills:
 + Level 12.1(17.1) Fighting
 + Level 11.3(16.3) Maces & Flails
 - Level 1.7(6.7) Throwing
 + Level 11.8(16.8) Armour
 + Level 9.6(14.6) Dodging
 - Level 5.0 Invocations


You had 12 spell levels left.
You didn't know any spells.
Your spell library contained the following spells:

 Spells                   Type           Power        Failure   Level
 Corona                   Hex            0%           41%         1
 Foxfire                  Conj/Fire      0%           41%         1
 Shock                    Conj/Air       0%           41%         1
 Sting                    Tmut/Pois      0%           41%         1
 Summon Small Mammal      Summ           0%           41%         1
 Call Imp                 Summ           0%           54%         2
 Passwall                 Tmut/Erth      0%           54%         2
 Swiftness                Air            0%           54%         2
 Call Canine Familiar     Summ           0%           78%         3
 Confusing Touch          Hex            0%           78%         3
 Gell's Gravitas          Tloc           0%           78%         3
 Ignite Poison            Fire/Tmut/Pois 0%           78%         3
 Static Discharge         Conj/Air       0%           78%         3
 Summon Guardian Golem    Hex/Summ       0%           78%         3
 Airstrike                Air            0%           99%         4
 Ice Form                 Ice/Tmut       0%           99%         4
 Petrify                  Tmut/Erth      0%           99%         4
 Summon Ice Beast         Ice/Summ       0%           99%         4
 Summon Lightning Spire   Summ/Air       0%           99%         4
 Lightning Bolt           Conj/Air       0%           100%        5
 Metabolic Englaciation   Hex/Ice        0%           100%        5
 Yara's Violent Unravell  Hex/Tmut       0%           100%        5
 Invisibility             Hex            0%           100%        6
 Statue Form              Tmut/Erth      Unusable     N/A         6

Dungeon Overview and Level Annotations

Branches:
Dungeon (13/15)            Temple (1/1) D:4            Lair (0/6) D:11
    Orc (0/2) D:10          IceCv (1/1)             Gauntlet (visited)
 Vaults: D:13-14

Altars:
Ashenzari
Cheibriados
Dithmenos
Elyvilon
Fedhas
Gozag
Hepliaklqana
Kikubaaqudgha
Makhleb
Nemelex Xobeh
Okawaru
Qazlal
Ru
Sif Muna
Trog
Uskayaw
Vehumet
Wu Jian
Xom
Yredelemnul
Zin
The Shining One

Shops:
D:7 :


Innate Abilities, Weirdness & Mutations

You are resistant to torment.
Your stone body is resilient. (AC +9)
You are immune to poison.
You resist negative energy. (rN+)
You are resistant to electric shocks. (rElec)
You can survive without breathing.
You are immune to petrification.
You are immune to miasma.


Message History

The reaper is engulfed in freezing vapours.
The reaper is engulfed in freezing vapours.
The reaper hits you from afar with a +2 scythe of freezing!!
* * * LOW HITPOINT WARNING * * *
The reaper freezes you.
* * * LOW HITPOINT WARNING * * *
Okay, then.
Okay, then.
Okay, then.
You feel better.
The reaper is engulfed in freezing vapours.
The reaper closely misses you. The ice devil barely misses you.
The ice devil hits you!
* * * LOW HITPOINT WARNING * * *
The ice devil freezes you. You resist.
* * * LOW HITPOINT WARNING * * *
You feel better.
The reaper is engulfed in freezing vapours.
The reaper hits you with a +2 scythe of freezing!!
You die...

§☼.§.. ##....# §§☼§☼.##
##..#..## §§§≈°.○#
#...###.##
.§°☼§°.###..####..#
#.#§§..§#§.##).#..## .
#☼##.°☼§.☼##)..##..#
.§#.§###○§.§##....#..##
.§§§.§§#...###....##..#
.☼☼§§§.#@4§# ##....#..#
####☼4°#24.# ##.#.##..#
.....§○.°§☼# #..###...#
...°○.§.#..# #...##..##
..#°#.§##.## #.......#
# ##. ..# #..#...## #.
..# ##..#..## ##☼.##
#...#### .. #..##


You could see a reaper and 2 ice devils.

Vanquished Creatures
  2 slime creatures (D:12)
  A minotaur (Gauntlet)
  A boulder beetle (D:12)
  3 two-headed ogres
  3 death yaks (D:11)
  An unseen horror (D:12)
  A manticore (D:12)
  A cyclops (D:12)
  The ghost of SamuraiZach the Skirmisher, a novice DrFi of Wu Jian (D:4)
  3 ice statues
  A centaur skeleton (D:11)
  Maggie (D:6)
  2 gargoyles
  A rime drake (Gauntlet)
  8 ice devils
  4 trolls
  Grinder (D:4)
  2 raiju (Gauntlet)
  4 wyverns
  Sigmund (D:4)
  24 yaks
  3 steam dragons
  6 vampire mosquitoes
  Menkaure (D:4)
  The ghost of Borgoz the Skirmisher, an amateur GrBe of Trog (D:3)
  2 black bears
  11 orc warriors
  A water moccasin (D:10)
  3 ice beasts
  5 sky beasts
  9 ogres
  15 centaurs
  2 phantoms
  6 big kobolds
  6 bullfrogs
  2 scorpions (D:6)
  5 jellies
  A water moccasin skeleton (D:7)
  32 killer bees
  7 howler monkeys
  4 wights
  2 bullfrog zombies
  2 quasits
  2 centaur zombies
  4 orc priests
  6 hounds
  An iron imp (D:5)
  A bullfrog skeleton (D:3)
  An iguana (D:7)
  3 gnoll shamans (D:9)
  2 lightning spires (Gauntlet)
  12 orc wizards
  14 worker ants
  A hell rat (D:11)
  A hound zombie (D:7)
  A worker ant zombie (D:8)
  16 gnolls
  12 adders
  14 white imps
  8 ufetubi
  An adder zombie (D:6)
  2 worms (D:3)
  4 leopard geckos
  34 orcs
  4 ball pythons
  3 bats
  7 giant cockroaches
  3 goblins (D:1)
  9 hobgoblins
  30 jackals
  26 kobolds
  5 quokkas
  5 frilled lizards
  A goblin zombie (D:5)
  5 hobgoblin zombies (D:5)
  A kobold skeleton (D:5)
  2 leopard gecko skeletons (D:8)
  4 orc skeletons (D:5)
  8 rats
445 creatures vanquished.

Vanquished Creatures (others)
  Psyche (D:9)
  A human (D:13)
  An orc wizard (D:6)
  7 ufetubi (IceCv)
  8 fungi
  14 plants
32 creatures vanquished.

Grand Total: 477 creatures vanquished

Notes
Turn   | Place    | Note
-------+----------+-------------------------------------------
     0 | D:1      | Borgoz the Gargoyle Gladiator began the quest for the Orb.
     0 | D:1      | Reached XP level 1. HP: 12/12 MP: 1/1
   161 | D:1      | Reached XP level 2. HP: 18/18 MP: 2/2
   240 | D:1      | Reached skill level 1 in Armour
   586 | D:1      | Reached XP level 3. HP: 19/22 MP: 3/3
  1359 | D:2      | Reached skill level 3 in Fighting
  1388 | D:2      | Reached XP level 4. HP: 10/28 MP: 4/4
  1469 | D:2      | Found a bloodstained altar of Trog.
  1482 | D:2      | HP: 1/28 [white imp/puff of frost (5)]
  1668 | D:2      | Found a shimmering blue altar of Sif Muna.
  1671 | D:2      | Identified Sif Muna's Grimoire of Conjuration
  1697 | D:2      | You fall into a shaft and drop 1 floor!
  2006 | D:2      | Reached XP level 5. HP: 3/32 MP: 5/5
  2502 | D:3      | Found a shimmering altar of Xom.
  2502 | D:3      | Found a shimmering altar of Xom.
  2503 | D:3      | Found a shimmering altar of Xom.
  2515 | D:3      | Found a shimmering altar of Xom.
  3438 | D:3      | Found a runed translucent gate.
  3438 | D:3      | Found a runed translucent gate.
  3438 | D:3      | Found a runed translucent gate.
  3440 | D:3      | Noticed Borgoz's ghost (amateur GrBe)
  3473 | D:3      | Killed Borgoz's ghost
  3474 | D:3      | Reached skill level 4 in Fighting
  3474 | D:3      | Reached XP level 6. HP: 11/38 MP: 2/6
  3940 | D:4      | Reached XP level 7. HP: 44/44 MP: 7/7
  3957 | D:4      | Noticed Grinder
  3957 | D:4      | Paralysed by Grinder for 4 turns
  3967 | D:4      | Paralysed by Grinder for 5 turns
  4005 | D:4      | Killed Grinder
  4263 | D:4      | Found a runed translucent gate.
  4263 | D:4      | Found a runed translucent gate.
  4263 | D:4      | Found a runed translucent gate.
  4340 | D:4      | Reached skill level 5 in Fighting
  4340 | D:4      | Reached skill level 5 in Maces & Flails
  4440 | D:4      | Noticed SamuraiZach's ghost (novice DrFi)
  4548 | D:4      | Noticed Sigmund
  4563 | D:4      | Killed Sigmund
  4564 | D:4      | Reached XP level 8. HP: 43/50 MP: 5/8
  4638 | D:4      | Found a staircase to the Ecumenical Temple.
  4723 | D:4      | Noticed Menkaure
  4729 | D:4      | Killed Menkaure
  4768 | D:4      | Got an ichor-stained leather armour
  4779 | D:4      | Identified the +3 leather armour of Muttered Phrases {rPois
                  | Regen+ Stlth+} (You found it on level 4 of the Dungeon)
  5205 | D:5      | Entered Level 5 of the Dungeon
  5343 | D:5      | Reached skill level 5 in Armour
  5412 | D:5      | Found a glowing golden altar of the Shining One.
  5939 | D:6      | Reached skill level 6 in Fighting
  5990 | D:6      | Reached skill level 5 in Dodging
  6052 | D:6      | Found an ornate altar of the Wu Jian Council.
  6068 | D:6      | Found a sparkling altar of Nemelex Xobeh.
  6192 | D:6      | Reached XP level 9. HP: 50/56 MP: 7/9
  6304 | Temple   | Entered the Ecumenical Temple
  6657 | D:6      | Noticed Maggie
  6695 | D:6      | Killed Maggie
  6944 | D:6      | Reached skill level 7 in Fighting
  7662 | D:7      | Reached XP level 10. HP: 28/64 MP: 4/10
  8040 | D:7      | Found Kumeg's Book Shop.
  8101 | D:7      | Reached skill level 8 in Fighting
  8373 | D:7      | Found a hide-covered altar of Uskayaw.
  8380 | D:7      | Found a basalt altar of Yredelemnul.
  8388 | D:7      | Found a burning altar of Makhleb.
  8395 | D:7      | Found a snail-covered altar of Cheibriados.
  8401 | D:7      | Found a sacrificial altar of Ru.
  8408 | D:7      | Found an iron altar of Okawaru.
  8414 | D:7      | Found a blossoming altar of Fedhas.
  8425 | D:7      | Became a worshipper of Warmaster Okawaru
  8522 | D:8      | Got a pair of smoking boots
  8528 | D:8      | Identified the cursed +0 pair of boots of the Old World
                  | {Rampage *Corrode rN+} (You found it on level 8 of the
                  | Dungeon)
  8602 | D:8      | Reached skill level 1 in Invocations
  8941 | D:8      | Reached * piety under Okawaru
  9666 | D:4      | Killed SamuraiZach's ghost
  9971 | D:9      | Reached skill level 9 in Fighting
 10091 | D:9      | Reached ** piety under Okawaru
 10092 | D:9      | Reached XP level 11. HP: 57/71 MP: 8/13
 10428 | D:9      | Found a shadowy altar of Dithmenos.
 10628 | D:9      | Noticed Psyche
 10681 | D:9      | Killed Psyche
 11297 | D:10     | Entered Level 10 of the Dungeon
 11323 | D:10     | Reached *** piety under Okawaru
 11346 | D:10     | Reached skill level 5 in Invocations
 11541 | D:10     | Reached **** piety under Okawaru
 11692 | D:10     | Noticed a two-headed ogre
 11707 | D:10     | Killed a two-headed ogre
 11708 | D:10     | Reached skill level 10 in Fighting
 12178 | D:10     | Found a staircase to the Orcish Mines.
 12507 | D:11     | Reached skill level 10 in Armour
 12510 | D:11     | Reached XP level 12. HP: 62/78 MP: 10/15
 12525 | D:11     | Reached ***** piety under Okawaru
 12639 | D:11     | Found a gate leading to a gauntlet.
 12676 | D:11     | Reached skill level 10 in Maces & Flails
 12724 | Gauntlet | Entered a Gauntlet
 12724 | Gauntlet | Found a transporter.
 12724 | Gauntlet | Found a large runed translucent door.
 12724 | Gauntlet | Found a large runed translucent door.
 12724 | Gauntlet | Found a large runed translucent door.
 12724 | Gauntlet | Found a large runed translucent door.
 12724 | Gauntlet | Found a runed translucent door.
 12724 | Gauntlet | Found a runed translucent door.
 12724 | Gauntlet | Found a large runed translucent door.
 12724 | Gauntlet | Found a large runed translucent door.
 12724 | Gauntlet | Found a large runed translucent door.
 12724 | Gauntlet | Found a large runed translucent door.
 12724 | Gauntlet | Found a large runed translucent door.
 12724 | Gauntlet | Found a large runed translucent door.
 12725 | Gauntlet | Found a large runed translucent door.
 12725 | Gauntlet | Found a large runed translucent door.
 12733 | Gauntlet | Found a transporter.
 12748 | Gauntlet | Found a transporter.
 12753 | Gauntlet | Found a transporter.
 12770 | Gauntlet | Found a transporter.
 12785 | Gauntlet | Noticed a death yak
 12786 | Gauntlet | Noticed a death yak
 12786 | Gauntlet | Noticed a death yak
 12787 | Gauntlet | Noticed a death yak
 12787 | Gauntlet | Noticed a death yak
 12788 | Gauntlet | Found the ring of the Mage {Wiz Will++ Int+3}
 12788 | Gauntlet | Found a transporter.
 12800 | Gauntlet | Found a transporter.
 12812 | Gauntlet | Found a transporter.
 12824 | Gauntlet | Found a transporter.
 12824 | Gauntlet | Noticed a death yak
 12826 | Gauntlet | Noticed a death yak
 12826 | Gauntlet | Noticed a death yak
 12835 | Gauntlet | Noticed an entropy weaver
 12836 | Gauntlet | Found a transporter.
 12853 | Gauntlet | Found a transporter.
 12871 | Gauntlet | Found a transporter.
 12873 | Gauntlet | Found a transporter.
 12891 | Gauntlet | Found a large runed translucent door.
 12892 | Gauntlet | Found a large runed translucent door.
 12896 | Gauntlet | Found a runed translucent gate.
 12896 | Gauntlet | Found a runed translucent gate.
 12896 | Gauntlet | Found a runed translucent gate.
 12898 | Gauntlet | Found a transporter.
 12900 | Gauntlet | Found a transporter.
 12906 | Gauntlet | Found a large runed translucent door.
 12907 | Gauntlet | Found a large runed translucent door.
 12938 | Gauntlet | Found a transporter.
 12945 | Gauntlet | Found a transporter.
 12987 | Gauntlet | Found a transporter.
 13103 | Gauntlet | Received a gift from Okawaru
 13413 | Gauntlet | Got a fine silver amulet
 13425 | Gauntlet | Identified the amulet "Miocui" {Spirit Str+3 Stlth+} (You
                  | found it in a Gauntlet)
 13438 | Gauntlet | Identified the cursed ring of Tender Moments {Int-4 Dex+4}
 13438 | Gauntlet | Noticed a minotaur
 13459 | Gauntlet | Killed a minotaur
 13530 | Gauntlet | Identified the Almanac of Beguiling
 13533 | Gauntlet | Identified the Volume of Moulding
 13543 | Gauntlet | Got a steaming turquoise ring
 13586 | D:11     | Identified a scroll of acquirement
 13592 | D:11     | Identified the ring of the Establishment {rC+ rCorr} (You
                  | found it in a Gauntlet)
 13619 | D:11     | Acquired 1192 gold pieces
 13623 | D:11     | Found a staircase to the Lair.
 13624 | D:11     | Noticed a death yak
 13625 | D:11     | Noticed a death yak
 13626 | D:11     | Noticed a death yak
 13639 | D:11     | Killed a death yak
 13639 | D:11     | Received a gift from Okawaru
 13640 | D:11     | Reached skill level 11 in Fighting
 13647 | D:11     | Killed a death yak
 13659 | D:11     | Killed a death yak
 14033 | D:12     | Noticed a boulder beetle
 14088 | D:12     | Killed a boulder beetle
 14169 | D:12     | Got a polished helmet
 14180 | D:12     | Identified the +1 helmet of Acacuoge {*Corrode rPois rN+++
                  | Int+5} (You found it on level 12 of the Dungeon)
 14252 | D:12     | Noticed a two-headed ogre
 14270 | D:12     | Killed a two-headed ogre
 14338 | D:12     | Reached XP level 13. HP: 36/84 MP: 8/16
 14495 | D:12     | Received a gift from Okawaru
 14508 | D:12     | Got a brightly glowing ring mail {god gift}
 14616 | D:12     | Identified the +0 ring mail of Rajolasch {Dex+7} (Okawaru
                  | gifted it to you on level 12 of the Dungeon)
 15158 | D:13     | Found a frozen archway.
 15229 | IceCv    | Entered an ice cave
 15282 | IceCv    | Reached skill level 12 in Fighting
 15584 | IceCv    | Noticed a reaper
 15599 | IceCv    | HP: 3/86 [reaper/+2 scythe of freezing (4)]
 15601 | IceCv    | HP: 1/86 [ice devil (4)]
 15602 | IceCv    | Mangled by a reaper

Illustrated notes

Levels and vault maps discovered:
D:1:      dpeg_arrival_chambers_temple_mockup, layout_loops_cross
D:2:      layout_loops_cross, nzn_overflow_gifts_of_might_and_magic
D:3:      layout_loops_ring, gammafunk_ghost_necromancy, xom_redecorated
D:4:      layout_basic, minmay_temple_entry_wispy, gammafunk_ghost_split,
          uniq_menkaure, uniq_grinder, uniq_sigmund
D:5:      layout_basic, nicolae_tso_besieged_by_evil
D:6:      minmay_opposing_rooms, layout_basic, nicolae_overflow_crystal_walls,
          pdpol_wu_jian_five_deadly_venoms, uniq_maggie
D:7:      layout_loops_ring, grunt_temple_overflow_octagram, serial_shops, shop,
          patterned_corridor
D:8:      layout_cave_pools
D:9:      kennysheep_seaside_town, layout_basic, old_standard_altar, uniq_psyche
D:10:     layout_cave_pools, david_orc_4, pond
D:11:     layout_cave_pools, dpeg_lair_monsters, gauntlet_entry_generic,
          st_stairs_8
D:12:     layout_loops_ring, glass_columns_b
D:13:     layout_small_grid, ximxim_vaults_locker_room,
          portal_ice_cave_demonic_guard, minmay_guarded_unrand_finisher
Temple:   compressed_dpeg_triangle_lava_temple
IceCv:    ice_cave_small_demon

Skill      XL: |  1  2  3  4  5  6  7  8  9 10 11 12 13 |
---------------+----------------------------------------+-----
Armour         | 1 2 3 4 5 7 8 10 11 | 11.8
Fighting       | 3 4 5 6 7 9 10 11 12 | 12.1
Dodging        | 3 4 5 6 7 8 9 |  9.6
Maces & Flails | 4 5 6 7 8 9 10 11 | 11.3
Invocations    | 3 5 |  5.0
Throwing       | |  1.7

Action                   |  1- 3 |  4- 6 |  7- 9 | 10-12 | 13-15 || total
-------------------------+-------+-------+-------+-------+-------++-------
Melee: Flail             |   110 |   243 |   418 |   769 |       ||  1540
       Great mace        |       |       |       |    52 |       ||    52
       Dire flail        |       |       |       |   355 |   236 ||   591
       Unarmed           |       |       |       |    10 |       ||    10
       Punch             |       |       |       |     4 |       ||     4
Throw: Throwing net      |       |     2 |       |     3 |     1 ||     6
Invok: Heroism           |       |       |       |    19 |     3 ||    22
  Use: Scroll            |     3 |     3 |    11 |    12 |     2 ||    31
       Potion            |       |     3 |       |     6 |     3 ||    12
 Stab: Distracted        |       |     1 |       |     2 |       ||     3
       Sleeping          |       |       |     5 |     6 |       ||    11
Armor: Leather armour    |    80 |    36 |   253 |   595 |    86 ||  1050
       Ring mail         |       |    91 |    29 |       |    17 ||   137
       Skin              |       |       |       |     3 |       ||     3
       Quicksilver drago |       |       |       |     1 |       ||     1
Dodge: Dodged            |   142 |   175 |   437 |  1459 |   201 ||  2414

Table legend: (Time is in decaauts)
 A = Elapsed time spent in this place.
 B = Non-inter-level travel time spent in this place.
 C = Inter-level travel time spent in this place.
 D = Time resting spent in this place.
 E = Time spent auto-exploring this place.
 F = Levels seen in this place.
 G = Mean time per level.
                   A        B        C        D        E       F      G
               +--------+--------+--------+--------+--------+-----+--------+
         Total |  15438 |  14507 |    931 |   2372 |   8015 |  16 |  964.9 |
       Dungeon |  14075 |  13151 |    924 |   1913 |   7592 |  13 | 1082.7 |
        Temple |    213 |    207 |      6 |      0 |    207 |   1 |  213.0 |
      Ice Cave |    340 |    340 |      0 |     91 |     92 |   1 |  340.0 |
      Gauntlet |    808 |    808 |      0 |    368 |    124 |   1 |  808.0 |
               +--------+--------+--------+--------+--------+-----+--------+

Top non-repeatable levels by time:
     D:9: 1870 daAuts
     D:4: 1519 daAuts
     D:2: 1438 daAuts
     D:3: 1416 daAuts
     D:7: 1298 daAuts
     D:6: 1072 daAuts
     D:1: 1071 daAuts
    D:12: 1018 daAuts
    D:10: 1008 daAuts
Gauntlet: 808 daAuts
     D:5: 804 daAuts
     D:8: 755 daAuts
    D:11: 690 daAuts
   IceCv: 340 daAuts
  Temple: 213 daAuts
